 Dungeon Crawl Stone Soup version 0.28.0-1-gb440e238dd (webtiles) character file.

Game seed: 9824247917959488790

35 Zeld the Digger (level 3, 0/19 HPs)
             Began as a Gargoyle Earth Elementalist on Feb 26, 2022.
             Slain by a kobold (5 damage)
             ... on level 2 of the Dungeon.
             The game lasted 00:03:17 (1611 turns).

Zeld the Digger (Gargoyle Earth Elementalist)       Turns: 1611, Time: 00:03:18

Health: 0/19       AC:  5    Str: 11    XL:     3   Next: 33%
Magic:  6/6        EV: 12    Int: 17    God:
Gold:   65         SH:  0    Dex: 10    Spells: 0/6 levels left

rFire   . . .      SeeInvis .   a - +0 club
rCold   . . .      Faith    .   (no shield)
rNeg    + . .      Spirit   .   b - +0 robe
rPois   ∞          Reflect  .   (no helmet)
rElec   +          Harm     .   (no cloak)
rCorr   .          Rampage  .   (no gloves)
Will    .....                   (no boots)
Stlth   ++........              (no amulet)
HPRegen 0.06/turn               (no ring)
MPRegen 0.10/turn               (no ring)

@: no status effects
A: sickness immunity, AC +3, negative energy resistance 1, electricity
resistance, torment resistance 1, petrification resistance
a: no special abilities


You were on level 2 of the Dungeon.
You visited 1 branch of the dungeon, and saw 2 of its levels.

You collected 65 gold pieces.

Inventory:

Hand Weapons
 a - a +0 club (weapon)
Missiles
 c - 3 stones
Armour
 b - a +0 robe (worn)
Scrolls
 d - a scroll of enchant weapon {unknown}
Potions
 e - a potion of mutation {unknown}


   Skills:
 + Level 0.3 Fighting
 + Level 1.7 Dodging
 + Level 2.6 Stealth
 * Level 2.4 Spellcasting
 + Level 0.3 Conjurations
 - Level 1.0 Transmutations
 * Level 4.2 Earth Magic


You couldn't memorise any spells.
You knew the following spells:

 Your Spells              Type           Power      Damage    Failure   Level
a - Sandblast             Erth           32%        2d9       3%          1
b - Passwall              Tmut/Erth      8%         N/A       10%         2
c - Stone Arrow           Conj/Erth      18%        3d8       22%         3

Your spell library contained the following spells:

 Spells                   Type           Power      Damage    Failure   Level
 Magic Dart               Conj           12%        1d3       16%         1
 Searing Ray              Conj           6%         2d4       24%         2
 Ensorcelled Hibernation  Hex/Ice        4%         N/A       28%         2
 Spider Form              Tmut/Pois      3%         N/A       41%         3
 Petrify                  Tmut/Erth      10%        N/A       54%         4
 Fulminant Prism          Conj/Hex       1%         3d6       86%         4
 Anguish                  Hex/Necr       1%         N/A       88%         4


Dungeon Overview and Level Annotations

Branches:
Dungeon (2/15)

Altars:

Annotations:
D:2 exclusion: black bear


Innate Abilities, Weirdness & Mutations

You are immune to sickness and miasma.
Your stone body is resilient. (AC +3)
You are immune to poison.
You resist negative energy. (rN+)
You are resistant to electric shocks. (rElec)
You are resistant to unholy torment.
You are immune to petrification.


Message History

You hit the worm.
The worm is moderately wounded.
The kobold hits you but does no damage. The worm completely misses you.
The kobold barely misses you.
You barely miss the worm.
The worm is moderately wounded.
The worm barely misses you. The kobold misses you.
You hit the worm.
The worm is heavily wounded.
The kobold closely misses you. The worm bites you.
You barely miss the worm.
The worm is moderately wounded.
The kobold closely misses you. The worm barely misses you.
You hit the worm.
The worm is heavily wounded.
The kobold barely misses you. The kobold closely misses you.
You barely miss the worm.
The worm is heavily wounded.
The worm closely misses you. The kobold barely misses you.
You barely miss the worm.
The worm is heavily wounded.
The kobold barely misses you. The worm barely misses you.
You hit the worm.
The worm is heavily wounded.
The kobold misses you. The worm bites you!
The kobold hits you with a +0 short sword.
* * * LOW HITPOINT WARNING * * *
You are too injured to fight recklessly!
You are too injured to fight recklessly!
You are too injured to fight recklessly!
You see here a +0 scale mail.
The kobold shouts!
You see here a +0 scale mail.
Found a stone staircase leading down.
There is a stone staircase leading down here.
A kobold comes into view. It is wielding a +0 short sword.
You hit the kobold but do no damage. The kobold barely misses you.
You barely miss the kobold.
The kobold hits you with a +0 short sword.
You die...

#
#..≈≈≈≈≈≈≈#
###w##.≈.#
#
#...≈≈≈≈≈#
##......≈.#
#
#....#####
#>...##.≈.#
# #...##
#.# ##...#
≈## # #.#.#
#.# #.### #
#
#.#.####.#
#.# #
#........#
#.# #
###.######
#K# # #.#
#@# # #.#
#.# # #.#
#.# #
#.##### #.#
# #.....#
#K# #
#####.# #.#
#### #.#
#.#
...######.#
#.#
###.......#


You could see 2 kobolds.

Vanquished Creatures
  A dart slug (D:2)
  An endoplasm (D:1)
  4 goblins (D:1)
  2 hobgoblins (D:1)
  3 jackals (D:1)
  5 ball pythons (D:1)
  6 bats
  4 frilled lizards
  6 kobolds
  A rat (D:2)
33 creatures vanquished.

Notes
Turn   | Place    | Note
-------+----------+-------------------------------------------
     0 | D:1      | Zeld the Gargoyle Earth Elementalist began the quest for
                  | the Orb.
     0 | D:1      | Reached XP level 1. HP: 10/10 MP: 3/3
   182 | D:1      | Found a faded altar of an unknown god.
   184 | D:1      | Reached XP level 2. HP: 15/15 MP: 3/5
   188 | D:1      | Learned a level 2 spell: Passwall
   404 | D:1      | Reached skill level 1 in Transmutations
   509 | D:1      | Reached skill level 4 in Earth Magic
   905 | D:1      | Reached XP level 3. HP: 11/19 MP: 0/6
   913 | D:1      | Learned a level 3 spell: Stone Arrow
  1290 | D:2      | Noticed a black bear
  1611 | D:2      | Slain by a kobold

Illustrated notes

Levels and vault maps discovered:
D:1:      minmay_arrival_arboretum_small, layout_basic,
          shapermc_ecumenical_altar_notcrosses
D:2:      layout_loops_ring, serial_rivers, chequers_serial_rivers_large_a,
          chequers_serial_rivers_small_b, chequers_serial_rivers_small_b,
          chequers_serial_rivers_marsh, chequers_serial_rivers_small_b,
          chequers_serial_rivers_micro_a

Skill      XL: |  1  2 |
---------------+-------+-----
Transmutations | 1 |  1.0
Earth Magic    | 4 |  4.2
Fighting       | |  0.3
Dodging        | |  1.7
Stealth        | |  2.6
Spellcasting   | |  2.4
Conjurations   | |  0.3

Action                   || total
-------------------------++-------
Melee: Unarmed           ||     1
       Club              ||    70
       Punch             ||     1
 Cast: Sandblast         ||    31
 Stab: Sleeping          ||     2
Armor: Robe              ||    33
Dodge: Dodged            ||    87
